 Dungeon Crawl Stone Soup version 0.21.0-3-g78d12a8 (webtiles) character file.

459 MDvedh the Spear-Bearer (level 7, -3/48 HPs)
             Began as a Merfolk Wanderer on Jan 9, 2018.
             Was a Follower of Ashenzari.
             Slain by no0bjke's ghost (14 damage)
             ... on level 3 of the Dungeon.
             The game lasted 00:09:56 (5291 turns).

MDvedh the Spear-Bearer (Merfolk Wanderer)          Turns: 5291, Time: 00:09:57

Health: -3/48      AC:  7    Str: 13 (15) XL:     7   Next: 6%
Magic:  7/7        EV:  9    Int:  7 (9)  God:    Ashenzari [*.....]
Gold:   187        SH:  0    Dex: 15      Spells: 6/6 levels left

rFire    . . .     SeeInvis .   g - +1 spear
rCold    + . .     Gourm    .   (no shield)
rNeg     . . .     Faith    .   p - +1 scale mail
rPois    .         Spirit   .   (no helmet)
rElec    .         Reflect  .   (no cloak)
rCorr    .         Harm     .   (no gloves)
MR       .....                  (no boots)
Stlth    +.........             (no amulet)
HPRegen  0.16/turn              s - ring of protection from cold
MPRegen  0.10/turn              (no ring)

@: no status effects
A: change form in water, swift swim, stealthy swim
a: Curse Item, Scrying, Renounce Religion


You were on level 3 of the Dungeon.
You worshipped Ashenzari.
Ashenzari was aware of your devotion.
You were not hungry.

You visited 1 branch of the dungeon, and saw 4 of its levels.

You collected 187 gold pieces.

Inventory:

Hand Weapons
 a - a +2 dagger
 c - a +0 short sword
 g - a +1 spear (weapon)
Armour
 d - a +0 ring mail
 p - a +1 scale mail (worn)
Jewellery
 h - an uncursed ring of fire
 s - a ring of protection from cold (left hand)
Scrolls
 i - 2 scrolls of identify
 l - a scroll of remove curse
 o - a scroll of noise
 q - 2 scrolls of teleportation
 r - a scroll of enchant armour
Potions
 n - a potion of cancellation
Comestibles
 f - 4 rations


   Skills:
 - Level 1.1 Fighting
 - Level 1.2 Short Blades
   Level 1.0 Maces & Flails
 + Level 10.0 Polearms
 - Level 1.0 Throwing
 - Level 2.1 Armour
 - Level 1.3 Dodging
 - Level 2.1 Stealth


You had 6 spell levels left.
You didn't know any spells.

Dungeon Overview and Level Annotations

Branches:
Dungeon (4/15)
 Temple: D:4-7

Altars:
Ashenzari
Okawaru

Annotations:
D:2 Sigmund
D:3 no0bjke's ghost, amateur GrFi


Message History

No0bjke's ghost closely misses you.
You barely miss no0bjke's ghost.
No0bjke's ghost is almost destroyed.
You barely miss no0bjke's ghost.
No0bjke's ghost is almost destroyed.
No0bjke's ghost hits you but does no damage.
You hit no0bjke's ghost but do no damage.
No0bjke's ghost is almost destroyed.
No0bjke's ghost barely misses you.
You hit no0bjke's ghost but do no damage.
No0bjke's ghost is almost destroyed.
You barely miss no0bjke's ghost.
No0bjke's ghost is almost destroyed.
No0bjke's ghost hits you but does no damage.
You hit no0bjke's ghost.
No0bjke's ghost is almost destroyed.
You hit no0bjke's ghost but do no damage.
No0bjke's ghost is almost destroyed.
No0bjke's ghost hits you!
You die...

.....# ###.#.# #...########.
####.## #.#.#####.###........
####..## ###...............####.
#......####.....##...#####.## #.
#..................### #...# #.
.....#..####.##...## ##.### ##
.....##.####.##.#..####..#
.....##.#....#..#.......##
................@W#.#############
...#......###.#####..###.....#...
.....(.....##.######.#........)..
...###.##.....##............>)...
...# #..###...##.#.♣W♣.#.........
..## ##..##...##.................
.## ##.##.####.♣.♣.♣.♣.........
## #....####...._............
##.....##.♣.♣.♣.♣.........


You could see no0bjke's ghost.

Vanquished Creatures
  A phantom (D:4)
  A hound (D:3)
  An orc priest (D:3)
  Natasha (thrice) (D:2)
  5 worker ants
  3 adders
  An ooze (D:3)
  2 worms (D:2)
  2 dart slugs (D:1)
  A leopard gecko (D:2)
  8 orcs
  10 bats
  5 giant cockroaches
  9 goblins
  7 hobgoblins
  A quokka (D:2)
  7 frilled lizards
  2 kobolds
  7 rats
76 creatures vanquished.

Vanquished Creatures (others)
  A goblin (D:3)
1 creature vanquished.

Grand Total: 77 creatures vanquished

Notes
Turn   | Place    | Note
-------+----------+-------------------------------------------
     0 | D:1      | MDvedh the Merfolk Wanderer began the quest for the Orb.
     0 | D:1      | MDvedh set off with: a +2 dagger, a scroll of fear, a +0 short sword, a +0 ring mail, a ration
     0 | D:1      | Reached XP level 1. HP: 15/15 MP: 1/1
    93 | D:1      | Reached skill level 1 in Polearms
   117 | D:1      | Reached skill level 2 in Polearms
   119 | D:1      | Reached XP level 2. HP: 2/21 MP: 2/2
   415 | D:1      | Found a shattered altar of Ashenzari.
   421 | D:1      | Became a worshipper of Ashenzari the Shackled
   480 | D:1      | Reached skill level 3 in Polearms
   621 | D:1      | Reached XP level 3. HP: 24/26 MP: 3/3
   795 | D:2      | Reached skill level 4 in Polearms
  1048 | D:2      | Reached skill level 5 in Polearms
  1284 | D:2      | Reached XP level 4. HP: 16/32 MP: 4/4
  1694 | D:2      | Noticed Sigmund
  1812 | D:3      | Noticed no0bjke's ghost (amateur GrFi)
  2271 | D:3      | Reached skill level 6 in Polearms
  2271 | D:3      | Reached XP level 5. HP: 7/37 MP: 5/5
  2844 | D:3      | Found an iron altar of Okawaru.
  3348 | D:4      | Reached * piety under Ashenzari
  3385 | D:4      | Reached skill level 7 in Polearms
  3493 | D:4      | Noticed an ogre
  3553 | D:3      | Reached skill level 8 in Polearms
  3735 | D:2      | Noticed Natasha
  3752 | D:2      | Killed Natasha
  3752 | D:2      | Reached XP level 6. HP: 34/43 MP: 6/6
  4041 | D:2      | Noticed Natasha
  4051 | D:2      | Killed Natasha
  4254 | D:2      | Noticed Natasha
  4273 | D:2      | Killed Natasha
  4860 | D:4      | Noticed a phantom
  4865 | D:4      | Reached skill level 9 in Polearms
  5151 | D:4      | Killed a phantom
  5151 | D:4      | Reached skill level 10 in Polearms
  5151 | D:4      | Reached XP level 7. HP: 29/48 MP: 7/7
  5291 | D:3      | Slain by no0bjke's ghost

Skill      XL: |  1  2  3  4  5  6 |
---------------+-------------------+-----
Polearms       | 2 3 5 6 8 10 | 10.0
Fighting       | |  1.1
Short Blades   | |  1.2
Maces & Flails | |  1.0
Throwing       | |  1.0
Armour         | |  2.1
Dodging        | |  1.3
Stealth        | |  2.1

Action                   |  1- 3 |  4- 6 |  7- 9 || total
-------------------------+-------+-------+-------++-------
Melee: Spear             |   137 |   315 |    43 ||   495
  Use: Potion            |     4 |     4 |       ||     8
       Scroll            |       |     9 |       ||     9
 Stab: Sleeping          |     2 |     1 |       ||     3
  Eat: Chunk             |     1 |     7 |       ||     8
       Ration            |       |     2 |       ||     2
Armor: Ring mail         |    36 |    28 |       ||    64
       Skin              |     5 |       |       ||     5
       Scale mail        |       |    48 |     7 ||    55
Dodge: Dodged            |    51 |   106 |    11 ||   168
